 Dungeon Crawl Stone Soup version 0.21-a0-625-g1119ec1 (webtiles) character file.

622 tidbits the Digger (level 7, -2/76 HPs)
             Began as a Gnoll Earth Elementalist on Dec 24, 2017.
             Killed from afar by an orc wizard (14 damage)
             ... with a puff of flame
             ... on level 4 of the Dungeon.
             The game lasted 00:08:14 (922 turns).

tidbits the Digger (Gnoll Earth Elementalist)        Turns: 922, Time: 00:08:14

Health: -2/76      AC:  2    Str: 16    XL:     7   Next: 46%
Magic:  13/15      EV: 15    Int: 19    God:
Gold:   164        SH:  4    Dex: 15    Spells: 14/17 levels left

rFire    . . .     SeeInvis .   a - +2 dagger (venom)
rCold    . . .     Gourm    .   D - +0 buckler
rNeg     . . .     Faith    .   B - +0 robe
rPois    .         Spirit   .   (no helmet)
rElec    .         Reflect  .   (no cloak)
rCorr    .         Harm     .   (no gloves)
MR       .....                  (no boots)
Stlth    ..........             o - amulet of rage
HPRegen  0.22/turn              (no ring)
MPRegen  0.14/turn              (no ring)

@: berserking (expiring), very quick
A: distributed training, fangs 1, strong nose
a: Evoke Berserk Rage


You were on level 4 of the Dungeon.
You were very hungry.

You visited 1 branch of the dungeon, and saw 5 of its levels.

You collected 164 gold pieces.

Inventory:

Hand Weapons
 a - a +2 dagger of venom (weapon)
   (You took it off an orc wizard on level 4 of the Dungeon)
 b - a +2 short sword of holy wrath
   (You took it off a kobold on level 2 of the Dungeon)
Missiles
 i - 65 arrows
 q - 54 stones (quivered)
Armour
 B - a +0 robe (worn)
 D - a +0 buckler (worn)
Jewellery
 o - an amulet of rage (around neck)
   (You found it on level 3 of the Dungeon)
Scrolls
 f - a scroll of remove curse {unknown}
 g - 3 scrolls of identify {unknown}
 h - 2 scrolls of blinking {unknown}
 j - a scroll of enchant weapon {unknown}
 m - a scroll of enchant armour {unknown}
 n - a scroll of teleportation {unknown}
 p - a scroll of fog {unknown}
Potions
 c - a potion of heal wounds {unknown}
 k - a potion of berserk rage {unknown}
 l - a potion of curing {unknown}
 r - a potion of agility {unknown}
 s - a potion of lignification {unknown}
Books
 e - a book of Geomancy

   Spells                             Type                      Level
   a - Sandblast                      Earth                        1
   b - Passwall                       Transmutation/Earth          2
   c - Stone Arrow                    Conjuration/Earth            3
   d - Petrify                        Transmutation/Earth          4
   e - Lee's Rapid Deconstruction     Earth                        5
Comestibles
 d - 7 rations


   Skills:
 + Level 2.4 Fighting
 + Level 2.4 Short Blades
 + Level 2.4 Long Blades
 + Level 2.4 Axes
 + Level 2.4 Maces & Flails
 + Level 2.4 Polearms
 + Level 2.4 Staves
 + Level 2.4 Slings
 + Level 2.4 Bows
 + Level 2.4 Crossbows
 + Level 2.4 Throwing
 + Level 2.4 Armour
 + Level 5.2 Dodging
 + Level 4.9 Stealth
 + Level 2.4 Shields
 + Level 2.4 Unarmed Combat
 + Level 5.6 Spellcasting
 + Level 2.0 Conjurations
 + Level 2.0 Hexes
 + Level 2.0 Charms
 + Level 2.0 Summonings
 + Level 2.0 Necromancy
 + Level 2.0 Translocations
 + Level 3.0 Transmutations
 + Level 2.0 Fire Magic
 + Level 2.0 Ice Magic
 + Level 2.0 Air Magic
 + Level 5.8 Earth Magic
 + Level 2.0 Poison Magic
 + Level 2.7 Invocations
 + Level 2.4 Evocations


You had 14 spell levels left.
You knew the following spells:

 Your Spells              Type           Power        Failure   Level  Hunger
a - Sandblast             Erth           ####..       1%          1    None
p - Passwall              Tmut/Erth      ###.......   3%          2    None


Dungeon Overview and Level Annotations

Branches:
Dungeon (5/15)
 Temple: D:4-7

Altars:
Nemelex Xobeh
Okawaru
Qazlal
Zin

Annotations:
D:4 Robin


Innate Abilities, Weirdness & Mutations

Your experience applies equally to all skills.
You have very sharp teeth.
Your uncanny sense of smell can sniff out nearby items.


Message History

Unknown command.
Okay, then.
You aren't carrying any items that you can evoke.
Unknown command.
You see here 12 stones.
Casting: Sandblast
Confirm with . or Enter, or press ? or * to list all spells.
Aiming: Sandblast
Press: ? - help, Shift-Dir - straight line, f - ogre
Aim: an ogre, wielding a giant club The blast of sand hits the ogre.
The ogre is moderately wounded.
q - 54 stones You block the ogre's attack.
You fail to use your ability.
You fail to use your ability.
The ogre barely misses you.
A red film seems to cover your vision as you go berserk!
You feel yourself moving faster!
You feel mighty!
You are feeling hungry.
Eustachio shouts!
The ogre barely misses you.
You hit the ogre.
The ogre is poisoned.
You bite the ogre!
The ogre is almost dead.
You puncture the ogre!
You kill the ogre!
You have reached level 7!
The goblin closely misses you.
Things that are here:
a giant club; an ogre corpse You puncture the goblin!
You kill the goblin!
You puncture the hobgoblin!
You kill the hobgoblin!
You block the goblin's attack.
Eustachio mumbles some strange words.
Things that are here:
a club; a hobgoblin corpse You are feeling very hungry.
You puncture the goblin!
You kill the goblin!
The bullfrog skeleton hits you. The goblin hits you with a club.
You closely miss Eustachio.
The goblin shouts!
You hear a shout!
The bullfrog skeleton misses you.
Robin shouts!
You hit Eustachio.
Eustachio is poisoned.
Eustachio is lightly wounded.
Eustachio mumbles some strange words.
The goblin hits you with a club.
You puncture Eustachio!
Eustachio looks as sick as possible!
You bite Eustachio!
Eustachio is heavily wounded.
The bullfrog skeleton hits you.
* * * LOW HITPOINT WARNING * * *
You puncture Eustachio!
Eustachio looks as sick as possible!
Eustachio is severely wounded.
The bullfrog skeleton hits you.
* * * LOW HITPOINT WARNING * * *
Eustachio hits you but does no damage. The white imp hits you.
* * * LOW HITPOINT WARNING * * *
The white imp freezes you.
* * * LOW HITPOINT WARNING * * *
The goblin hits you with a club.
* * * LOW HITPOINT WARNING * * *
You puncture Eustachio!
You kill Eustachio!
The ufetubus disappears in a puff of smoke!
The shadow imp disappears in a puff of smoke!
The white imp disappears in a puff of smoke!
The quasit disappears in a puff of smoke!
Your Conjurations skill increases to level 2!
Your Hexes skill increases to level 2!
Your Charms skill increases to level 2!
Your Summonings skill increases to level 2!
Your Necromancy skill increases to level 2!
Your Translocations skill increases to level 2!
Your Fire Magic skill increases to level 2!
Your Ice Magic skill increases to level 2!
Your Air Magic skill increases to level 2!
Your Poison Magic skill increases to level 2!
You block the bullfrog skeleton's attack.
You puncture the bullfrog skeleton!
The bullfrog skeleton is moderately damaged.
The goblin misses you. The bullfrog skeleton hits you.
* * * LOW HITPOINT WARNING * * *
You closely miss the goblin.
An orc wizard comes into view. It is wielding a dagger.
You puncture the bullfrog skeleton!
The bullfrog skeleton is severely damaged.
The bullfrog skeleton hits you.
* * * LOW HITPOINT WARNING * * *
Robin roars a battlecry!
The goblins go into a battle-frenzy!
The goblin hits you with a club.
* * * LOW HITPOINT WARNING * * *
You puncture the bullfrog skeleton!
You destroy the bullfrog skeleton!
Your Transmutations skill increases to level 3!
The orc wizard casts a spell at you. The puff of flame hits you!
You die...

#.# #####.#.#. .###
#.# #....gg........
..# #.g†.gg.g..g..
### #gg# #.g###
#..# ∆ .g.o.
######..# #..#
.....#..########g.#
####.#.....).ggg).#
#.#.###.#####@##
#.#.# #.# #)# #.#.#
#.# #(#
#.#..(........#
#.#####.####### #.#
#.. #.# #># #.#


You could see Robin, an orc wizard, 2 hobgoblins and 4 goblins.

Vanquished Creatures
  Eustachio (D:4)
  An ogre (D:4)
  A howler monkey (D:4)
  2 orc priests (D:4)
  2 bullfrog skeletons (D:4)
  2 orc wizards (D:4)
  An iguana (D:4)
  3 worker ants (D:4)
  6 adders
  An ooze (D:4)
  2 dart slugs
  3 leopard geckos
  2 orcs (D:4)
  A giant cockroach (D:2)
  3 goblins
  4 hobgoblins
  3 jackals (D:4)
  2 quokkas (D:4)
  4 bats
  A frilled lizard (D:1)
  4 kobolds
  3 rats
52 creatures vanquished.

Notes
Turn   | Place    | Note
-------+----------+-------------------------------------------
     0 | D:1      | tidbits the Gnoll Earth Elementalist began the quest for the Orb.
     0 | D:1      | Reached XP level 1. HP: 13/13 MP: 6/6
    30 | D:1      | Reached skill level 2 in Transmutations
    59 | D:1      | Reached XP level 2. HP: 18/19 MP: 1/7
    63 | D:1      | Learned a level 2 spell: Passwall
   172 | D:2      | Reached skill level 5 in Spellcasting
   172 | D:2      | Reached XP level 3. HP: 25/25 MP: 4/9
   175 | D:2      | Found a stormy altar of Qazlal.
   192 | D:2      | Reached skill level 1 in Invocations
   328 | D:2      | Found a sparkling altar of Nemelex Xobeh.
   414 | D:3      | Reached skill level 1 in Fighting
   414 | D:3      | Reached skill level 1 in Short Blades
   414 | D:3      | Reached skill level 1 in Long Blades
   414 | D:3      | Reached skill level 1 in Axes
   414 | D:3      | Reached skill level 1 in Maces & Flails
   414 | D:3      | Reached skill level 1 in Polearms
   414 | D:3      | Reached skill level 1 in Staves
   414 | D:3      | Reached skill level 1 in Slings
   414 | D:3      | Reached skill level 1 in Bows
   414 | D:3      | Reached skill level 1 in Crossbows
   414 | D:3      | Reached skill level 1 in Throwing
   414 | D:3      | Reached skill level 1 in Armour
   414 | D:3      | Reached skill level 1 in Shields
   414 | D:3      | Reached skill level 1 in Unarmed Combat
   414 | D:3      | Reached skill level 1 in Evocations
   455 | D:3      | Reached XP level 4. HP: 29/32 MP: 7/11
   607 | D:5      | Entered Level 5 of the Dungeon
   689 | D:4      | Reached skill level 1 in Conjurations
   689 | D:4      | Reached skill level 1 in Hexes
   689 | D:4      | Reached skill level 1 in Charms
   689 | D:4      | Reached skill level 1 in Summonings
   689 | D:4      | Reached skill level 1 in Necromancy
   689 | D:4      | Reached skill level 1 in Translocations
   689 | D:4      | Reached skill level 1 in Fire Magic
   689 | D:4      | Reached skill level 1 in Ice Magic
   689 | D:4      | Reached skill level 1 in Air Magic
   689 | D:4      | Reached skill level 1 in Poison Magic
   699 | D:4      | Reached XP level 5. HP: 35/37 MP: 8/12
   725 | D:4      | Found a glowing silver altar of Zin.
   734 | D:4      | Found an iron altar of Okawaru.
   767 | D:4      | Reached XP level 6. HP: 25/44 MP: 1/13
   777 | D:4      | Reached skill level 2 in Invocations
   840 | D:4      | Reached skill level 5 in Dodging
   847 | D:4      | Reached skill level 2 in Fighting
   847 | D:4      | Reached skill level 2 in Short Blades
   847 | D:4      | Reached skill level 2 in Long Blades
   847 | D:4      | Reached skill level 2 in Axes
   847 | D:4      | Reached skill level 2 in Maces & Flails
   847 | D:4      | Reached skill level 2 in Polearms
   847 | D:4      | Reached skill level 2 in Staves
   847 | D:4      | Reached skill level 2 in Slings
   847 | D:4      | Reached skill level 2 in Bows
   847 | D:4      | Reached skill level 2 in Crossbows
   847 | D:4      | Reached skill level 2 in Throwing
   847 | D:4      | Reached skill level 2 in Armour
   847 | D:4      | Reached skill level 2 in Shields
   847 | D:4      | Reached skill level 2 in Unarmed Combat
   847 | D:4      | Reached skill level 2 in Evocations
   888 | D:4      | Noticed Robin
   901 | D:4      | Noticed Eustachio
   908 | D:4      | Reached XP level 7. HP: 49/50 MP: 12/15
   918 | D:4      | Killed Eustachio
   918 | D:4      | Reached skill level 2 in Conjurations
   918 | D:4      | Reached skill level 2 in Hexes
   918 | D:4      | Reached skill level 2 in Charms
   918 | D:4      | Reached skill level 2 in Summonings
   918 | D:4      | Reached skill level 2 in Necromancy
   918 | D:4      | Reached skill level 2 in Translocations
   918 | D:4      | Reached skill level 2 in Fire Magic
   918 | D:4      | Reached skill level 2 in Ice Magic
   918 | D:4      | Reached skill level 2 in Air Magic
   918 | D:4      | Reached skill level 2 in Poison Magic
   922 | D:4      | Reached skill level 3 in Transmutations
   922 | D:4      | Killed from afar by an orc wizard

Vault maps used:
D:1:      erik_arrival_blinker_ship
D:2:      lemuel_doored_altar, ashenzari_altar_1, nemelex_altar_shiori
D:3:      grunt_ministairs_3
D:4:      led_sif_pool, grunt_temple_overflow_open, first_ration, uniq_robin,
          uniq_edmund, uniq_eustachio
D:5:      minmay_temple_entry_trees

Skill      XL: |  1  2  3  4  5  6  7 |
---------------+----------------------+-----
Transmutations | 2 3 |  3.0
Spellcasting   | 5 |  5.6
Invocations    | 1 2 |  2.7
Fighting       | 1 2 |  2.4
Short Blades   | 1 2 |  2.4
Long Blades    | 1 2 |  2.4
Axes           | 1 2 |  2.4
Maces & Flails | 1 2 |  2.4
Polearms       | 1 2 |  2.4
Staves         | 1 2 |  2.4
Slings         | 1 2 |  2.4
Bows           | 1 2 |  2.4
Crossbows      | 1 2 |  2.4
Throwing       | 1 2 |  2.4
Armour         | 1 2 |  2.4
Shields        | 1 2 |  2.4
Unarmed Combat | 1 2 |  2.4
Evocations     | 1 2 |  2.4
Conjurations   | 1 2 |  2.0
Hexes          | 1 2 |  2.0
Charms         | 1 2 |  2.0
Summonings     | 1 2 |  2.0
Necromancy     | 1 2 |  2.0
Translocations | 1 2 |  2.0
Fire Magic     | 1 2 |  2.0
Ice Magic      | 1 2 |  2.0
Air Magic      | 1 2 |  2.0
Poison Magic   | 1 2 |  2.0
Dodging        | 5 |  5.2
Stealth        | |  4.9
Earth Magic    | |  5.8

Action                   |  1- 3 |  4- 6 |  7- 9 || total
-------------------------+-------+-------+-------++-------
Melee: Short sword       |       |    12 |       ||    12
       Bite              |       |     4 |     1 ||     5
       Dagger            |       |    21 |    12 ||    33
 Cast: Sandblast         |    30 |    30 |       ||    60
       Passwall          |     2 |     3 |       ||     5
 Abil: Evoke Berserk Rag |       |     1 |       ||     1
 Stab: Sleeping          |       |     3 |       ||     3
Armor: Robe              |     3 |     2 |     1 ||     6
Dodge: Dodged            |    14 |    24 |     3 ||    41
Block: Buckler           |       |     5 |     2 ||     7

Table legend:
 A = Spawn XP
 B = Non-spawn XP
 C = Spawn XP percentage of total XP
 D = Spawn monster count
 E = Non-spawn monster count
 F = Spawn count percentage of total count
 G = Total turns spent on level
                    A         B        C        D         E        F      G
               +---------+---------+-------+---------+---------+-------+---------
         Total |       0 |     889 |   0.0 |       0 |      52 |   0.0 |   922
               +---------+---------+-------+---------+---------+-------+---------
           D:1 |       0 |      10 |   0.0 |       0 |       7 |   0.0 |    96
           D:2 |       0 |      53 |   0.0 |       0 |      10 |   0.0 |   268
           D:3 |       0 |      46 |   0.0 |       0 |      10 |   0.0 |   235
           D:4 |       0 |     780 |   0.0 |       0 |      25 |   0.0 |   321
               +---------+---------+-------+---------+---------+-------+---------

Table legend:
 A = Turns spent in this place as a percentage of turns spent in the entire game.
 B = Non-inter-level travel turns spent in this place as a percentage of non-inter-level travel turns spent in the entire game.
 C = Inter-level travel turns spent in this place as a percentage of turns spent in this place.
 D = Turns resting spent in this place as a percentage of non-inter-level travel turns spent in this place.
 E = Turns spent auto-exploring this place as a percentage of non-inter-level travel turns spent in this place.
 F = Non-inter-level travel turns spent in this place divided by the number of levels of this place that you've seen.
                   A       B       C       D       E      F
               +-------+-------+-------+-------+-------+----------------------
         Total | 100.0 | 100.0 |   0.0 |   0.0 |   0.0 | 184.4
       Dungeon | 100.0 | 100.0 |   0.0 |   0.0 |   0.0 | 184.4
               +-------+-------+-------+-------+-------+----------------------

Table legend:
 A = Kills in this place as a percentage of kills in entire the game.
 B = Kills by you in this place as a percentage of kills by you in the entire game.
 C = Kills by friends in this place as a percentage of kills by friends in the entire game.
 D = Other kills in this place as a percentage of other kills in the entire game.
 E = Experience gained in this place as a percentage of experience gained in the entire game.
 F = Experience gained in this place divided by the number of levels of this place that you have seen.
                   A       B       C       D       E      F
               +-------+-------+-------+-------+-------+----------------------
         Total | 100.0 | 100.0 |   N/A |   N/A | 100.0 | 177.8
       Dungeon | 100.0 | 100.0 |   N/A |   N/A | 100.0 | 177.8
               +-------+-------+-------+-------+-------+----------------------

Vault maps used:
D:1:      erik_arrival_blinker_ship
D:2:      lemuel_doored_altar, ashenzari_altar_1, nemelex_altar_shiori
D:3:      grunt_ministairs_3
D:4:      led_sif_pool, grunt_temple_overflow_open, first_ration, uniq_robin,
          uniq_edmund, uniq_eustachio
D:5:      minmay_temple_entry_trees
